 Dungeon Crawl Stone Soup version 0.29.1-2-gbd0b4ee654 (webtiles) character file.

Game seed: 6741059263588633764

18657 firemarshallily the Spear-Bearer (level 12, 0/122 HPs)
             Began as a Naga Gladiator on Nov 1, 2022.
             Was the Champion of Cheibriados.
             Slain by a very large slime creature (34 damage)
             ... on level 13 of the Dungeon on Nov 2, 2022.
             The game lasted 00:57:06 (16207 turns).

firemarshallily the Spear-Bearer (Naga Gladiator)  Turns: 16207, Time: 00:57:06

Health: 0/122      AC: 12    Str: 40    XL:     12   Next: 60%
Magic:  12/12      EV: 20    Int: 26    God:    Cheibriados [******]
Gold:   650        SH:  0    Dex: 28    Spells: 6/11 levels left

rFire   . . .      SeeInvis +   c - +4 spear (venom)
rCold   . . .      Faith    .   (no shield)
rNeg    . . .      Spirit   .   M - +0 troll leather armour
rPois   +          Reflect  .   H - +1 helmet
rElec   .          Harm     .   b - scarf {shadows}
rCorr   .          Rampage  .   i - +2 pair of gloves
Will    +....                   (no barding)
Stlth   ++........              E - amulet of the acrobat
HPRegen 1.10/turn               y - +4 ring of evasion
MPRegen 0.13/turn               S - +6 ring of strength

@: very slow
A: AC +4, large, see invisible, deformed body, poison resistance, slowness 2,
spit poison 1, naga tail 1
a: Spit Poison, Renounce Religion, Bend Time, Temporal Distortion, Slouch, Step
From Time


You were on level 13 of the Dungeon.
You worshipped Cheibriados.
Cheibriados was exalted by your worship.
You visited 2 branches of the dungeon, and saw 14 of its levels.
You also visited: Bailey.

You collected 1145 gold pieces.
You spent 495 gold pieces at shops.

Inventory:

Hand Weapons
 c - a +4 spear of venom (weapon)
 r - the +2 hand axe "Buatwesch" {vorpal, rPois rF+++ MP+9 Dex-5}
   (You found it on level 5 of the Dungeon)

   It inflicts extra damage upon your enemies.
   Dex:       It affects your dexterity (-5).
   rF:        It renders you almost immune to fire.
   rPois:     It protects you from poison.
   MP:        It affects your magic capacity (+9).
Missiles
 d - 15 throwing nets
 m - 7 boomerangs
 p - 17 poisoned darts
 J - 3 javelins
 U - 8 curare-tipped darts
Armour
 b - a scarf of shadows (worn)
 i - a +2 pair of gloves (worn)
 H - a +1 helmet (worn)
 M - a +0 troll leather armour (worn)
Jewellery
 y - a +4 ring of evasion (left hand)
 C - a ring of protection from cold
 D - a ring of protection from fire
 E - an amulet of the acrobat (around neck)
 S - a +6 ring of strength (right hand)
 V - a ring of positive energy
Wands
 e - a wand of quicksilver (6)
 z - a wand of roots (9)
 B - a wand of mindburst (12)
 O - a wand of digging (3)
 R - a wand of charming (3)
 Z - a wand of flame (7)
Scrolls
 f - 3 scrolls of vulnerability
 h - 3 scrolls of torment
 n - 6 scrolls of teleportation
 o - 2 scrolls of fog
 q - 2 scrolls of magic mapping
 t - 4 scrolls of immolation
 A - 3 scrolls of fear
 F - 3 scrolls of blinking
 G - 2 scrolls of summoning
 W - a scroll of silence
 Y - a scroll of enchant weapon {unknown}
Potions
 g - 4 potions of heal wounds
 j - 4 potions of lignification
 k - a potion of magic
 l - a potion of berserk rage {unknown}
 s - 2 potions of mutation {unknown}
 u - 3 potions of cancellation {unknown}
 v - 3 potions of might {unknown}
 w - 3 potions of attraction {unknown}
 x - a potion of ambrosia {unknown}
 L - 6 potions of curing {unknown}
 N - 2 potions of flight {unknown}
 Q - a potion of brilliance {unknown}
 X - a potion of haste {unknown}
Miscellaneous
 K - a phantom mirror


   Skills:
 * Level 12.1 Fighting
 * Level 12.3 Polearms
 - Level 1.7 Throwing
 + Level 6.9 Armour
 + Level 7.4 Dodging


You had 6 spell levels left.
You knew the following spells:

 Your Spells              Type           Power      Damage    Failure   Level
a - Ozocubu's Armour      Ice            0%         N/A       38%         3
b - Beastly Appendage     Tmut           0%         N/A       14%         1
c - Slow                  Hex            0%         N/A       14%         1

Your spell library contained the following spells:

 Spells                   Type           Power      Damage    Failure   Level
 Ensorcelled Hibernation  Hex/Ice        0%         N/A       21%         2
 Passwall                 Tmut/Erth      0%         N/A       21%         2
 Wereblood                Tmut           0%         N/A       21%         2
 Confusing Touch          Hex            0%         N/A       38%         3
 Spider Form              Tmut/Pois      0%         N/A       38%         3
 Swiftness                Air            0%         N/A       38%         3
 Vampiric Draining        Necr           0%         2d6       38%         3
 Anguish                  Hex/Necr       0%         N/A       80%         4
 Passage of Golubria      Tloc           0%         N/A       80%         4
 Summon Lightning Spire   Summ/Air       0%         N/A       80%         4
 Fireball                 Conj/Fire      0%         3d3       98%         5
 Iskenderun's Battlesphe  Conj           0%         2d6       98%         5
 Metabolic Englaciation   Hex/Ice        0%         N/A       98%         5
 Silence                  Hex/Air        0%         N/A       98%         5
 Conjure Ball Lightning   Conj/Air       0%         3x3d6     100%        6
 Simulacrum               Ice/Necr       0%         N/A       100%        6
 Orb of Destruction       Conj           0%         9d5       100%        7
 Storm Form               Tmut/Air       0%         N/A       100%        7
 Lehudib's Crystal Spear  Conj/Erth      0%         10d2      100%        8
 Maxwell's Capacitive Co  Air            0%         ∞         100%        8


Dungeon Overview and Level Annotations

Branches:
Dungeon (13/15)            Temple (1/1) D:5            Lair (0/5) D:11
    Orc (0/2) D:12         Bailey (visited)
 Vaults: D:13-14

Altars:
Ashenzari
Cheibriados
Dithmenos
Elyvilon
Fedhas
Gozag
Hepliaklqana
Kikubaaqudgha
Makhleb
Nemelex Xobeh
Okawaru
Qazlal
Ru
Sif Muna
Trog
Uskayaw
Vehumet
Wu Jian
Xom
Yredelemnul
Zin
The Shining One

Shops:
D:2 ?

Portals:
Trove: D:12 (give 2 scrolls of acquirement)

Annotations:
D:7 2 transporters, Ascent's ghost, novice MiFi


Innate Abilities, Weirdness & Mutations

Your serpentine skin is tough. (AC +4)
You have supernaturally acute eyesight. (SInv)
Armour fits poorly on your strangely shaped body.
Your system is resistant to poisons. (rPois)
You cover ground very slowly.
You can spit poison.
You have a snake-like lower body.


Message History

Two slime creatures merge to form a very large slime creature.
You puncture the very large slime creature!
The very large slime creature is moderately wounded.
You puncture the very large slime creature!
The very large slime creature is heavily wounded.
You hit the very large slime creature.
The very large slime creature is heavily wounded.
You puncture the very large slime creature!
The very large slime creature looks as sick as possible!
The very large slime creature is heavily wounded.
The very large slime creature hits you!!!
You puncture the very large slime creature!
The very large slime creature is heavily wounded.
You completely miss the very large slime creature.
The very large slime creature is heavily wounded.
The very large slime creature misses you.
You puncture the very large slime creature!
The very large slime creature is severely wounded.
You hit the very large slime creature.
The very large slime creature is severely wounded.
The very large slime creature barely misses you.
You puncture the very large slime creature!
The very large slime creature looks as sick as possible!
The very large slime creature is severely wounded.
You puncture the very large slime creature!
The very large slime creature looks as sick as possible!
The very large slime creature is severely wounded.
The very large slime creature closely misses you.
You barely miss the very large slime creature.
The very large slime creature is severely wounded.
You hit the very large slime creature.
The very large slime creature is severely wounded.
The very large slime creature hits you!!
* * * LOW HITPOINT WARNING * * *
You hit the very large slime creature.
The very large slime creature is almost dead.
You hit the very large slime creature.
The very large slime creature is almost dead.
The very large slime creature hits you!!
You die...

# ###+###### #
#.#####....)...# #
#.J@..#........#####
#.###.'........'..##
# ###........##...
#........#####
#.......># #
#######+## # #


You could see a very large slime creature (extremely poisoned).

Vanquished Creatures
  A hydra (D:12)
  Sonja (D:11)
  Nergalle (D:10)
  Lodul (D:11)
  Pikel (D:7)
  An ugly thing (D:12)
  A manticore (D:12)
  Joseph (D:7)
  An unseen horror (D:12)
  2 kobold demonologists (D:10)
  4 unseen horror zombies (D:9)
  An efreet (D:8)
  6 trolls
  A hornet (D:8)
  8 slime creatures
  2 wyverns
  2 shadows
  A vampire (D:12)
  2 wraiths
  Grum (D:11)
  4 yaks (D:11)
  A steam dragon (D:7)
  5 acid dragons
  3 wargs (D:11)
  A water moccasin (D:5)
  3 orc warriors
  2 sky beasts (D:7)
  A hornet zombie (D:9)
  4 ice beasts
  10 ogres
  2 lemures (D:7)
  4 centaurs
  10 wolves
  The ghost of lambentLogic the Sneak, an amateur KoEn (D:3)
  5 kobold brigands
  3 bullfrogs
  4 scorpions
  8 gnoll sergeants (Bailey)
  10 wights
  9 killer bees
  3 howler monkeys
  A jelly (D:8)
  2 centaur zombies (D:9)
  6 hounds
  9 gnoll boudas
  3 iguanas (D:5)
  8 orc priests
  Jessica (D:2)
  15 orc wizards
  A killer bee zombie (D:9)
  2 howler monkey zombies (D:9)
  22 gnolls
  5 adders
  A shadow imp (D:5)
  3 white imps
  An ufetubus (D:4)
  3 worms
  2 dart slugs (D:1)
  29 orcs
  6 bats
  6 endoplasms
  3 giant cockroaches
  9 goblins
  5 hobgoblins
  7 jackals
  19 kobolds
  5 quokkas
  12 ball pythons
  2 frilled lizards (D:1)
  6 rats
  A spectral goblin (D:3)
327 creatures vanquished.

Notes
Turn   | Place    | Note
-------+----------+-------------------------------------------
     0 | D:1      | firemarshallily the Naga Gladiator began the quest for the
                  | Orb.
     0 | D:1      | Reached XP level 1. HP: 19/19 MP: 1/1
   114 | D:1      | Reached XP level 2. HP: 20/26 MP: 2/2
   372 | D:1      | Reached XP level 3. HP: 33/33 MP: 3/3
   623 | D:1      | You fall into a shaft and drop 1 floor!
   892 | D:2      | Found Kuz Gyts's Magic Scroll Shop.
   896 | D:2      | Bought a scroll of identify for 20 gold pieces
   896 | D:2      | Bought a scroll of amnesia for 40 gold pieces
  1006 | D:2      | Reached XP level 4. HP: 18/40 MP: 4/4
  1224 | D:2      | Found a faded altar of an unknown god.
  1225 | D:2      | Noticed Jessica
  1341 | D:2      | Reached skill level 1 in Armour
  1375 | D:2      | Killed Jessica
  1376 | D:2      | Reached XP level 5. HP: 35/49 MP: 5/5
  1817 | D:3      | Found a runed translucent gate.
  1817 | D:3      | Found a runed translucent gate.
  1817 | D:3      | Found a runed translucent gate.
  1818 | D:3      | Found an opulent altar of Gozag.
  1820 | D:3      | Noticed lambentLogic's ghost (amateur KoEn)
  1830 | D:3      | Learned a level 3 spell: Ozocubu's Armour
  1832 | D:3      | Learned a level 1 spell: Beastly Appendage
  1851 | D:3      | Killed lambentLogic's ghost
  2005 | D:3      | Found a hazy altar of Hepliaklqana.
  2120 | D:3      | Reached XP level 6. HP: 56/57 MP: 6/6
  2198 | D:3      | Found a shimmering altar of Xom.
  2843 | D:4      | Reached skill level 5 in Polearms
  2926 | D:4      | Reached XP level 7. HP: 55/66 MP: 7/7
  3621 | D:5      | Entered Level 5 of the Dungeon
  3670 | D:5      | Reached skill level 5 in Fighting
  4218 | D:5      | Identified the +2 hand axe "Buatwesch" {vorpal, rPois rF+++
                  | MP+9 Dex-5}
  4610 | D:5      | Found a staircase to the Ecumenical Temple.
  4639 | D:5      | Reached XP level 8. HP: 30/75 MP: 8/8
  4644 | Temple   | Entered the Ecumenical Temple
  5054 | D:5      | Found a blossoming altar of Fedhas.
  5880 | D:5      | Found an iron altar of Okawaru.
  6053 | D:6      | Noticed a shadow
  6581 | D:6      | Killed a shadow
  6922 | D:6      | Found a glowing silver altar of Zin.
  7065 | D:6      | Found a sacrificial altar of Ru.
  7158 | D:6      | Found a snail-covered altar of Cheibriados.
  7163 | D:6      | Became a worshipper of Cheibriados the Contemplative
  7562 | D:7      | Noticed Ascent's ghost (novice MiFi)
  7621 | D:7      | Reached XP level 9. HP: 76/85 MP: 9/9
  7666 | D:7      | Found a transporter.
  7669 | D:7      | Found a transporter.
  7725 | D:7      | Noticed Pikel
  7856 | D:7      | Killed Pikel
  7981 | D:7      | Found a shimmering blue altar of Sif Muna.
  8022 | D:7      | Found a white marble altar of Elyvilon.
  8313 | D:2      | Bought a scroll of blinking for 75 gold pieces
  8313 | D:2      | Bought a scroll of summoning for 95 gold pieces
  8313 | D:2      | Bought a scroll of blinking for 75 gold pieces
  8313 | D:2      | Bought a scroll of magic mapping for 75 gold pieces
  8313 | D:2      | Bought a scroll of enchant armour for 75 gold pieces
  8313 | D:2      | Bought a scroll of immolation for 40 gold pieces
  8378 | D:7      | Noticed Joseph
  8528 | D:7      | Killed Joseph
  8895 | D:7      | Reached skill level 5 in Dodging
  9048 | D:7      | Found a stormy altar of Qazlal.
  9187 | D:8      | Found a flagged portal.
  9221 | D:8      | Reached * piety under Cheibriados
  9433 | Bailey   | Entered a bailey
  9804 | Bailey   | Reached XP level 10. HP: 95/96 MP: 10/10
  9978 | Bailey   | Reached ** piety under Cheibriados
 11338 | D:8      | Reached *** piety under Cheibriados
 11656 | D:8      | Reached skill level 5 in Armour
 12146 | D:9      | Found a basalt altar of Yredelemnul.
 12167 | D:9      | Reached skill level 10 in Polearms
 12229 | D:9      | Reached XP level 11. HP: 83/108 MP: 11/11
 12499 | D:9      | Found a broken altar of Ashenzari.
 12540 | D:9      | Reached skill level 10 in Fighting
 12597 | D:9      | Identified the +0 leather armour of Impressiveness {Rampage
                  | *Slow Slay+3}
 12619 | D:9      | Reached **** piety under Cheibriados
 13435 | D:10     | Entered Level 10 of the Dungeon
 13664 | D:10     | Learned a level 1 spell: Slow
 13753 | D:10     | Found a hide-covered altar of Uskayaw.
 13926 | D:10     | Noticed a soul eater
 13946 | D:10     | Reached ***** piety under Cheibriados
 14053 | D:10     | Noticed Nergalle
 14073 | D:10     | Killed Nergalle
 14551 | D:11     | Found a staircase to the Lair.
 14599 | D:11     | Noticed Lodul
 14626 | D:11     | Killed Lodul
 14868 | D:11     | Reached XP level 12. HP: 97/120 MP: 12/12
 14985 | D:11     | Noticed Sonja
 14991 | D:11     | Killed Sonja
 15119 | D:11     | Noticed Grum
 15139 | D:11     | Killed Grum
 15618 | D:12     | Noticed a seven-headed hydra
 15631 | D:12     | Killed a seven-headed hydra
 15694 | D:12     | Reached ****** piety under Cheibriados
 15865 | D:12     | Found a staircase to the Orcish Mines.
 15994 | D:12     | Found a portal to a secret trove of treasure.
 16207 | D:13     | Slain by a very large slime creature

Illustrated notes

Levels and vault maps discovered:
D:1:      dpeg_arrival_castle, layout_loops_ring
D:2:      layout_basic, serial_shops, nicolae_shop_trees,
          hellmonk_ecumenical_altar_arch_garden, minivault_24,
          grunt_decor_one_mirror, uniq_jessica
D:3:      layout_rooms, lemuel_tele_altar,
          nicolae_hepliaklqana_monster_ancestors, ebering_ghost_gozag
D:4:      layout_loops_corners
D:5:      layout_cave_pools, fedhas_altar_2, mainiacjoe_overflow_alcove_2,
          minmay_temple_entry_large_hall, hangedman_decor_riveting
D:6:      layout_loops_corners, zin_statuary, mainiacjoe_overflow_cross_hatched,
          hangedman_ru_absence, roderic_serpentine_path
D:7:      layout_loops_ring, tgw_sif, nicolae_qazlal_eye_of_the_storm,
          amcnicky_altar_gilded, gammafunk_ghost_arena, uniq_pikel, uniq_joseph
D:8:      layout_loops_corners, enter_bailey_2, small_chamber_with_monster
D:9:      layout_basic, cheibrodos_ashenzari_chains,
          nicolae_yredelemnul_corpse_copse, hex_medium
D:10:     layout_long_grid, nicolae_uskayaw_dance_hall, uniq_nergalle
D:11:     layout_cave_pods, erik_lair_orcish_takeover, uniq_lodul, uniq_sonja,
          uniq_grum
D:12:     layout_rooms, minmay_orc_entry_temple_small, enter_trove_3,
          serial_park_tiny_1
D:13:     layout_roguey
Temple:   chequers_temple_sunken

Skill      XL: |  1  2  3  4  5  6  7  8  9 10 11 12 |
---------------+-------------------------------------+-----
Fighting       | 3 4 5 6 8 9 11 12 | 12.1
Armour         | 1 2 3 4 5 6 |  6.9
Polearms       | 4 5 6 7 8 10 11 12 | 12.3
Dodging        | 3 4 5 6 7 |  7.4
Throwing       | |  1.7

Action                   |  1- 3 |  4- 6 |  7- 9 | 10-12 || total
-------------------------+-------+-------+-------+-------++-------
Melee: Trident           |    70 |   113 |   506 |    94 ||   783
       Headbutt          |       |     2 |       |     4 ||     6
       Punch             |       |     1 |     4 |    15 ||    20
       Spear             |       |       |       |   830 ||   830
Throw: Javelin           |       |     1 |    10 |     7 ||    18
       Boomerang         |       |       |     6 |    13 ||    19
       Dart              |       |       |       |     5 ||     5
       Throwing net      |       |       |       |     2 ||     2
 Cast: Ozocubu's Armour  |       |     1 |     1 |     2 ||     4
       Beastly Appendage |       |     1 |       |     3 ||     4
 Abil: Spit Poison       |    22 |    38 |    73 |    70 ||   203
Evoke: Wand              |       |       |       |     3 ||     3
  Use: Scroll            |     2 |     3 |     9 |     3 ||    17
       Potion            |       |       |     3 |     1 ||     4
 Stab: Sleeping          |       |     1 |       |     3 ||     4
       Distracted        |       |       |       |     1 ||     1
Armor: Leather armour    |    14 |    45 |   135 |    76 ||   270
       Troll leather arm |       |       |       |    72 ||    72
Dodge: Dodged            |    31 |    48 |   418 |   811 ||  1308
